 Dungeon Crawl Stone Soup version 0.17-a0-1504-gb7d9117 (webtiles) character file.

902 urechis the Basher (level 8, -12/74 HPs)
             Began as an Ogre Gladiator on July 9, 2015.
             Was an Initiate of Ru.
             Mangled by Pikel
             ... wielding a +1 whip of electrocution
              (20 damage)
             ... on level 5 of the Dungeon.
             The game lasted 00:08:37 (5689 turns).

urechis the Basher (Ogre Gladiator)                 Turns: 5689, Time: 00:08:37

Health: -12/74     AC: 11    Str: 23    XL:     8   Next: 7%
Magic:  8/8        EV: 10    Int:  7    God:    Ru [......]
Gold:   281        SH:  0    Dex: 10    Spells: 0 memorised, 7 levels left

rFire  . . .     SeeInvis .     a - +2 flail (protect)
rCold  . . .     Clarity  .     m - +2 robe {MR+}
rNeg   . . .     SustAt   .     (no shield)
rPois  .         Gourm    .     c - +0 hat
rElec  .         Spirit   .     x - +0 cloak
rCorr  .         Warding  .     (gloves unavailable)
rMut   .         Stasis   .     (boots unavailable)
MR     +....                    (no amulet)
Stlth  +.........               (no ring)
                                (no ring)

@: marked, somewhat resistant to hostile enchantments, very unstealthy
A: unfitting armour, tough skin 1
a: Renounce Religion


You were on level 5 of the Dungeon.
You worshipped Ru.
Ru was noncommittal.
You were near starving.

You visited 2 branches of the dungeon, and saw 6 of its levels.

You collected 281 gold pieces.

Inventory:

Hand weapons
 a - a +2 flail of protection (weapon)
 b - a +0 blowgun
Missiles
 e - 3 throwing nets
 g - 14 poisoned needles
 y - 3 tomahawks of returning (quivered)
Armour
 c - a +0 hat (worn)
 m - a +2 robe of magic resistance (worn)
 x - a +0 cloak (worn)
Scrolls
 f - 3 scrolls of teleportation {unknown}
 h - 6 scrolls of identify {unknown}
 u - 2 scrolls of enchant armour {unknown}
 v - 4 scrolls of amnesia {unknown}
 A - 4 scrolls of magic mapping {unknown}
 C - 2 scrolls of fog {unknown}
Potions
 i - 2 potions of degeneration {unknown}
 k - 3 potions of heal wounds
 l - 3 potions of curing {unknown}
 n - 2 potions of resistance {unknown}
 o - a potion of cure mutation {unknown}
 q - 2 potions of poison {unknown}
 r - a potion of brilliance {unknown}
 s - 2 potions of agility
 w - a potion of berserk rage {unknown}
 B - a potion of magic {unknown}
Comestibles
 d - 3 bread rations
 j - 5 meat rations
 p - 2 beef jerkies
 t - a slice of pizza
 z - a royal jelly


   Skills:
 - Level 2.6 Fighting
 + Level 11.2 Maces & Flails
 + Level 4.2 Throwing
 - Level 2.6 Dodging


You had 7 spell levels left.
You didn't know any spells.

Dungeon Overview and Level Annotations

Branches:
Dungeon (5/15)             Temple (1/1) D:4

Altars:
Ashenzari
Dithmenos
Elyvilon
Fedhas
Gozag
Kikubaaqudgha
Nemelex Xobeh
Okawaru
Qazlal
Ru
Trog
Vehumet
Yredelemnul
Zin
The Shining One

Annotations:
D:5 Pikel


Innate Abilities, Weirdness & Mutations

You are too large for most types of armour.
You have tough skin (AC +1).


Message History

A slave comes into view.
You barely miss Pikel.
Pikel is lightly wounded.
Pikel hits you with a whip of electrocution!
You are electrocuted!
You closely miss Pikel.
Pikel is lightly wounded.
Pikel hits you with a whip of electrocution.
You are electrocuted!
* * * LOW HITPOINT WARNING * * *
You barely miss the phantom. Pikel hits you but does no damage.
The phantom closely misses you.
You closely miss the phantom. The phantom barely misses you.
You sock the phantom!
The phantom is moderately damaged.
The phantom blinks!
Pikel hits you with a whip of electrocution.
* * * LOW HITPOINT WARNING * * *
The phantom blinks!
Pikel hits you but does no damage.
You are electrocuted!
You die...

.............>#
########.####.#
#.# #.# #.# #.#
#.# #.# #.# #.#
#.# #.#######.#
#.# #.#..Kpp.p#
#.####'##@######
#ยง......#
#.......#
#......W#
#......##
#......#
########


You could see Pikel, a phantom and 3 slaves.

Vanquished Creatures
  Sigmund (D:5)
  A phantom (D:4)
  A centaur (D:3)
  An iguana (D:4)
  2 orc wizards (D:4)
  2 orc priests (D:3)
  A worker ant (D:4)
  Jessica (D:2)
  Natasha (thrice) (D:3)
  11 gnolls
  10 adders
  3 oozes
  3 worms
  13 orcs
  A ball python (D:2)
  A bat skeleton (D:4)
  16 goblins
  15 hobgoblins
  10 jackals
  10 kobolds
  5 quokkas
  14 bats
  4 giant cockroaches
  3 giant newts
  A jackal skeleton (D:4)
  6 rats
139 creatures vanquished.

Notes
Turn   | Place    | Note
--------------------------------------------------------------
     0 | D:1      | urechis the Ogre Gladiator began the quest for the Orb.
     0 | D:1      | Reached XP level 1. HP: 22/22 MP: 1/1
   428 | D:1      | Reached XP level 2. HP: 25/29 MP: 2/2
   763 | D:2      | Reached skill level 5 in Maces & Flails
   776 | D:2      | Reached XP level 3. HP: 21/36 MP: 3/3
  1051 | D:2      | Noticed Jessica
  1058 | D:2      | Killed Jessica
  1058 | D:2      | Reached skill level 6 in Maces & Flails
  1062 | D:2      | Reached XP level 4. HP: 28/44 MP: 4/4
  1753 | D:3      | Reached skill level 7 in Maces & Flails
  2040 | D:3      | Reached XP level 5. HP: 38/50 MP: 5/5
  2198 | D:3      | Noticed a centaur
  2217 | D:3      | Killed a centaur
  2217 | D:3      | Reached skill level 8 in Maces & Flails
  2230 | D:3      | Reached XP level 6. HP: 34/59 MP: 6/6
  2364 | D:3      | Noticed Natasha
  2372 | D:3      | Killed Natasha
  2462 | D:3      | Noticed Natasha
  2467 | D:3      | Killed Natasha
  2553 | D:3      | Reached skill level 9 in Maces & Flails
  2958 | D:3      | Noticed Natasha
  2969 | D:3      | Killed Natasha
  3479 | D:4      | Reached skill level 10 in Maces & Flails
  3479 | D:4      | Reached XP level 7. HP: 53/66 MP: 7/7
  4394 | D:4      | Found an ancient bone altar of Kikubaaqudgha.
  4398 | D:4      | Found a bloodstained altar of Trog.
  4401 | D:4      | Found a stormy altar of Qazlal.
  4990 | D:4      | Found a staircase to the Ecumenical Temple.
  4999 | Temple   | Entered the Ecumenical Temple
  5006 | Temple   | Became a worshipper of Ru the Awakened
  5480 | D:5      | Entered Level 5 of the Dungeon
  5577 | D:5      | Noticed Sigmund
  5590 | D:5      | Killed Sigmund
  5590 | D:5      | Reached skill level 11 in Maces & Flails
  5590 | D:5      | Reached XP level 8. HP: 57/74 MP: 8/8
  5675 | D:5      | Noticed Pikel
  5689 | D:5      | Mangled by Pikel

Vault maps used:
D:1:      minmay_arrival_four_circles, minivault_27, minmay_distorted
D:2:      uniq_jessica
D:3:      uniq_natasha
D:4:      corexii_shantytown, minmay_overflow_temple_star_quad, temple_hall,
          minmay_misc_feat_ornament
D:5:      first_bread, uniq_blork_the_orc, uniq_pikel, uniq_sigmund
Temple:   minmay_freezing_vapour_temple_12

Action                   |  1- 3 |  4- 6 |  7- 9 || total
-------------------------+-------+-------+-------++-------
Melee: Flail             |    68 |   282 |   186 ||   536
  Use: Potion            |       |     1 |       ||     1
 Stab: Sleeping          |       |       |     2 ||     2
       Distracted        |       |       |     1 ||     1
  Eat: Chunk             |       |     7 |     7 ||    14
